 Dungeon Crawl Stone Soup version 0.19-a0-1571-g5ccf90f (webtiles) character file.

4102 Elitist the Protected (level 10, -2/79 HPs)
             Began as a Human Berserker on Sept 15, 2016.
             Was an Elder of Trog.
             Killed from afar by an electric eel (12 damage)
             ... with a bolt of electricity
             ... in a bailey on Sept 16, 2016.
             The game lasted 00:25:34 (9257 turns).

Elitist the Protected (Human Berserker)             Turns: 9257, Time: 00:25:34

Health: -2/79      AC: 15    Str: 26    XL:     10   Next: 50%
Magic:  10/10      EV:  9    Int:  7    God:    Trog [****..]
Gold:   282        SH:  0    Dex: 13    Spells: 0 memorised, 9 levels left

rFire  . . .     SeeInvis .     F - +4 war axe
rCold  . . .     Gourm    .     g - +0 chain mail
rNeg   + . .     Faith    .     (no shield)
rPois  .         Spirit   .     (no helmet)
rElec  .         Dismiss  .     (no cloak)
rCorr  .         Reflect  .     A - +1 pair of gloves
MR     .....     Harm     .     j - +0 pair of boots
Stlth  ..........               (no amulet)
                                o - +5 ring of strength
                                y - ring of positive energy

@: no status effects
A: no striking features
a: Berserk, Trog's Hand, Brothers in Arms, Burn Spellbooks, Renounce Religion


You were in a bailey.
You worshipped Trog.
Trog was greatly pleased with you.
You were hungry.

You visited 1 branch of the dungeon, and saw 7 of its levels.
You also visited: Sewer and Bailey.

You collected 324 gold pieces.
You spent 42 gold pieces at shops.

Inventory:

Hand Weapons
 b - a +0 blowgun
 v - a +0 broad axe
 F - a +4 war axe (weapon)
 K - a +0 trident
Missiles
 e - 13 tomahawks (quivered)
 w - 17 poisoned needles
Armour
 g - a +0 chain mail (worn)
 j - a +0 pair of boots (worn)
 A - a +1 pair of gloves (worn)
Jewellery
 o - a +5 ring of strength (right hand)
 y - a ring of positive energy (left hand)
Wands
 k - a wand of lightning (0/15)
 N - a wand of disintegration (13/24)
Scrolls
 a - a scroll of enchant armour
 l - a scroll of fear
 r - 2 scrolls of recharging
 t - a scroll of magic mapping
 z - 3 scrolls of fog
 B - 2 scrolls of teleportation
 D - a scroll of remove curse
 G - 2 scrolls of identify
 H - a scroll of noise {unknown}
 L - a scroll of enchant weapon
Potions
 d - 2 potions of lignification {unknown}
 f - 2 potions of agility {unknown}
 h - 4 potions of brilliance
 i - 2 potions of cure mutation {unknown}
 m - a potion of berserk rage {unknown}
 n - a potion of experience {unknown}
 s - a potion of heal wounds
 u - 2 potions of curing {unknown}
 x - 2 potions of magic {unknown}
 C - a potion of degeneration {unknown}
 E - a potion of haste
Comestibles
 c - 5 bread rations
 q - 6 meat rations
 M - 2 fruits


   Skills:
 + Level 7.1 Fighting
 * Level 5.7(7.9) Axes
 - Level 8.4(9.2) Polearms
 + Level 9.0 Armour
 - Level 2.0 Dodging


You had 9 spell levels left.
You didn't know any spells.

Dungeon Overview and Level Annotations

Branches:
Dungeon (7/15)             Temple (0/1) D:7

Altars:
Cheibriados
Makhleb

Shops:
D:4 (   D:6 ?

Annotations:
D:5 1 runed door
D:7 Thraspic's ghost, novice SpEn


Message History

* * * LOW HITPOINT WARNING * * *
You hit the electric eel.
The electric eel is moderately wounded.
You closely miss the electric eel.
The electric eel is moderately wounded.
You closely miss the electric eel.
The electric eel is moderately wounded.
The electric eel shoots out a bolt of lightning at you!
The bolt of electricity hits you!
* * * LOW HITPOINT WARNING * * *
You hit the electric eel.
The electric eel is severely wounded.
The electric eel shoots out a bolt of lightning at you!
The bolt of electricity hits you!
* * * LOW HITPOINT WARNING * * *
You closely miss the electric eel.
The electric eel is severely wounded.
The electric eel shoots out a bolt of lightning at you!
The bolt of electricity hits you!
You die...

##### #.[.# ###)..###
#.......# #...∩...#
#..)....# #..[)...#
########.......########
≈≈≈≈≈≈≈.@.......≈≈≈≈≈≈≈
≈≈≈≈≈≈≈≈;≈...≈≈≈≈≈≈≈≈≈≈
≈≈≈≈≈≈≈≈≈≈...≈≈≈≈≈≈≈≈≈≈
≈≈≈≈≈≈≈≈≈≈...≈≈≈≈≈≈≈≈≈≈
≈≈≈≈≈≈≈≈≈≈...≈≈≈≈≈≈≈≈≈≈
######≈≈≈≈...≈≈≈≈######
#...........#
#####)''#####
+.))..'..#


You could see an electric eel.

Vanquished Creatures
  An orc high priest (Bailey)
  The ghost of Shard1697 the Cleaver, a novice DsGl of Hepliaklqana (Bailey)
  The ghost of meatyocre the Carver, a novice MiMo (D:5)
  A kobold demonologist (Bailey)
  Grinder (D:3)
  The ghost of rogsnak the Magician, an amateur DsWz (D:4)
  Sigmund (D:3)
  An orc warrior (Bailey)
  A black bear (D:6)
  A centaur (D:7)
  An ogre (D:5)
  2 bullfrogs (Sewer)
  2 scorpions (D:4)
  3 wights (D:6)
  2 electric eels (Bailey)
  A howler monkey (D:6)
  A centaur zombie (D:5)
  A bullfrog zombie (D:6)
  2 jellies
  A hound (D:5)
  3 orc priests
  2 iguanas
  3 orc wizards
  3 bullfrog skeletons (D:6)
  Jessica (D:3)
  4 worker ants
  A hound zombie (D:6)
  A hound skeleton (D:6)
  5 gnolls
  19 adders
  8 river rats
  A shadow imp (D:5)
  3 oozes
  An adder skeleton (D:4)
  A worm (D:5)
  3 dart slugs
  4 leopard geckos
  21 orcs
  11 ball pythons
  5 bats
  7 giant cockroaches
  9 goblins
  7 hobgoblins
  6 jackals
  9 kobolds
  10 frilled lizards
  A leopard gecko zombie (D:6)
  32 rats
207 creatures vanquished.

Notes
Turn   | Place    | Note
-------+----------+-------------------------------------------
     0 | D:1      | Elitist the Human Berserker began the quest for the Orb.
     0 | D:1      | Reached XP level 1. HP: 18/18 MP: 1/1
   353 | D:1      | Reached XP level 2. HP: 24/24 MP: 2/2
   724 | D:1      | Reached XP level 3. HP: 28/29 MP: 3/3
  1662 | D:2      | Reached ** piety under Trog
  1662 | D:2      | Reached XP level 4. HP: 26/36 MP: 4/4
  1687 | D:2      | Found a faded altar of an unknown god.
  1961 | D:2      | Reached skill level 3 in Armour
  2381 | D:2      | Reached XP level 5. HP: 33/42 MP: 5/5
  2918 | D:3      | Noticed Grinder
  2939 | D:3      | Killed Grinder
  2939 | D:3      | Reached skill level 4 in Armour
  2939 | D:3      | Reached XP level 6. HP: 6/50 MP: 6/6
  2939 | D:3      | Reached XP level 7. HP: 7/55 MP: 7/7
  2948 | D:3      | Found a burning altar of Makhleb.
  3387 | D:3      | Noticed Jessica
  3396 | D:3      | Killed Jessica
  3396 | D:3      | Reached skill level 5 in Polearms
  3465 | D:3      | Noticed Sigmund
  3470 | D:3      | Killed Sigmund
  3470 | D:3      | Reached skill level 5 in Fighting
  3499 | D:3      | Noticed an Executioner
  3875 | D:4      | Noticed rogsnak's ghost (amateur DsWz)
  3883 | D:4      | Found a glowing drain.
  3900 | D:4      | Killed rogsnak's ghost
  3900 | D:4      | Reached skill level 5 in Armour
  3900 | D:4      | Reached XP level 8. HP: 64/64 MP: 8/8
  3959 | Sewer    | Entered a sewer
  3996 | Sewer    | Reached *** piety under Trog
  4841 | Sewer    | Reached skill level 6 in Armour
  5287 | D:4      | Found Umnobist's Weapon Emporium.
  5589 | D:4      | Reached **** piety under Trog
  5662 | D:5      | Entered Level 5 of the Dungeon
  5939 | D:5      | Noticed meatyocre's ghost (novice MiMo)
  6377 | D:5      | Killed meatyocre's ghost
  6377 | D:5      | Reached XP level 9. HP: 72/72 MP: 9/9
  6625 | D:5      | Found a runed door.
  7067 | D:5      | Reached skill level 7 in Armour
  7389 | D:6      | Found Utonyodae's Magic Scroll Shoppe.
  7393 | D:6      | Bought a scroll of teleportation for 42 gold pieces
  7396 | D:6      | Found a snail-covered altar of Cheibriados.
  8586 | D:7      | Noticed Thraspic's ghost (novice SpEn)
  8617 | D:7      | Found a flagged portal.
  8627 | Bailey   | Entered a bailey
  8658 | Bailey   | Reached skill level 8 in Armour
  8723 | Bailey   | Found an iron altar of Okawaru.
  8723 | Bailey   | Noticed an orc high priest
  8723 | Bailey   | Noticed a kobold demonologist
  8726 | Bailey   | Noticed a sixfirhy
  8726 | Bailey   | Noticed a hellwing
  8727 | Bailey   | Noticed an ice devil
  8727 | Bailey   | Noticed a hellwing
  8771 | Bailey   | Killed a kobold demonologist
  8771 | Bailey   | Reached XP level 10. HP: 64/79 MP: 10/10
  8775 | Bailey   | Killed an orc high priest
  8856 | Bailey   | Noticed Shard1697's ghost (novice DsGl)
  8890 | Bailey   | Killed Shard1697's ghost
  8890 | Bailey   | Reached skill level 5 in Axes
  8890 | Bailey   | Reached skill level 9 in Armour
  9257 | Bailey   | Killed from afar by an electric eel

Vault maps used:
D:1:      dpeg_arrival_rooms_c
D:2:      ecumenical_altar_2, first_bread
D:3:      makhleb_altar_promises_db, roderic_nine_men_s_morris, uniq_sigmund,
          uniq_grinder, uniq_jessica
D:4:      serial_shops, shop, portal_sewer_entry_c, supply_closet_lemuel,
          minmay_ruptured
D:5:      lightli_church_of_beogh
D:6:      lemuel_crystal_altar, serial_shops, shop_fountains
D:7:      minmay_overflow_temple_star_hex, enter_bailey_8
Sewer:    sewer_minmay_w
Bailey:   bailey_axe_of_yendor_kennysheep, bailey

Skill      XL: |  1  2  3  4  5  6  7  8  9 10 |
---------------+-------------------------------+-----
Armour         | 3 4 5 6 8 9 |  9.0
Polearms       | 4 5 7 8 |  8.4
Fighting       | 4 5 7 |  7.1
Axes           | 2 5 |  5.7
Dodging        | |  2.0

Action                   |  1- 3 |  4- 6 |  7- 9 | 10-12 || total
-------------------------+-------+-------+-------+-------++-------
Melee: Spear             |   170 |   182 |   403 |       ||   755
       Trident           |       |       |   267 |       ||   267
       War axe           |       |       |     6 |    53 ||    59
 Fire: Blowgun           |       |     6 |       |       ||     6
Invok: Berserk           |     1 |     3 |    12 |     1 ||    17
       Trog's Hand       |       |     1 |     5 |       ||     6
Evoke: Wand              |       |       |     2 |       ||     2
  Use: Scroll            |       |       |    15 |     1 ||    16
       Potion            |       |       |     5 |     3 ||     8
 Stab: Invisible         |       |       |       |     1 ||     1
  Eat: Chunk             |     4 |     6 |    24 |     4 ||    38
       Beef jerky        |       |       |     1 |       ||     1
       Bread ration      |       |       |     1 |       ||     1
       Royal jelly       |       |       |     1 |       ||     1
       Pizza             |       |       |     1 |       ||     1
Armor: Animal skin       |     9 |       |       |       ||     9
       Chain mail        |    58 |   100 |   316 |    13 ||   487
Dodge: Dodged            |   108 |    76 |   239 |     8 ||   431
